 Dungeon Crawl Stone Soup version 0.31-a0-8-gd14b0f4ee2 (webtiles) character file.

Game seed: 2737819754188977564

52 Kuronicle the Trooper (level 4, -3/35 HPs)
             Began as a Human Berserker on May 6, 2023.
             Was a Believer of Trog.
             Slain by a gnoll
             ... wielding a +0 spear
              (5 damage)
             ... on level 2 of the Dungeon.
             The game lasted 00:04:37 (1067 turns).

Kuronicle the Trooper (Human Berserker)             Turns: 1067, Time: 00:04:38

Health: -3/35      AC:  3    Str: 20    XL:     4   Next: 8%
Magic:  4/4        EV: 12    Int:  7    God:    Trog [**....]
Gold:   20         SH:  0    Dex: 12    Spells: 3/3 levels left

rFire   . .          .
                       - Unarmed
rCold   . . .        (no shield)
rNeg    . . .        a - +0 animal skin
rPois   .            (no helmet)
rElec   .            (no cloak)
rCorr   .            j - +0 pair of gloves
SInv    .            (no boots)
Will    .....        (no amulet)
Stlth   ++           c - ring of flight
HPRegen 0.25/turn    (no ring)
MPRegen 0.09/turn

%: no passive effects
@: flying
A: no striking features
a: Renounce Religion, Berserk, Trog's Hand


You were on level 2 of the Dungeon.
You worshipped Trog.
Trog was pleased with you.
You visited 1 branch of the dungeon, and saw 2 of its levels.

You collected 20 gold pieces.

Inventory:

Hand Weapons
 d - a +2 whip of draining
Armour
 a - a +0 animal skin (worn)
 j - a +0 pair of gloves (worn)
Jewellery
 c - a ring of flight (left hand)
Scrolls
 f - a scroll of teleportation {unknown}
 h - a scroll of acquirement {unknown}
 i - 2 scrolls of identify
 k - a scroll of vulnerability {unknown}
Potions
 b - a potion of curing
 e - a potion of degeneration


   Skills:
 * Level 3.2 Fighting
 * Level 2.1 Armour
 - Level 2.7 Dodging
 - Level 2.1 Stealth
 + Level 3.2 Unarmed Combat


You had 3 spell levels left.
You didn't know any spells.
Your spell library was empty.

Dungeon Overview and Level Annotations

Branches:
Dungeon (2/15)

Altars:

Shops:
D:1 [


Message History

The gnoll is moderately wounded.
The gnoll hits you with a +0 spear.
The gnoll hits you from afar with a +0 spear.
* * * LOW HITPOINT WARNING * * *
The gnoll attacks as you move away! The gnoll barely misses you.
The gnoll hits you from afar with a +0 spear.
* * * LOW HITPOINT WARNING * * *
You feel a little less clever now.
Found 13 gold pieces.
You see here a white potion.
g - a white potion It was a potion of ambrosia.
You are confused.
You feel invigorated. The gnoll closely misses you.
The gnoll hits you from afar with a +0 spear.
You bump into the rock wall.
The gnoll hits you from afar with a +0 spear.
The gnoll barely misses you.
You bump into the rock wall.
You feel less invigorated.
You feel less confused. The gnoll closely misses you. x2
The gnoll closely misses you.
You hit the gnoll.
The gnoll is heavily wounded.
The gnoll hits you with a +0 spear.
The gnoll hits you from afar with a +0 spear.
You hit the gnoll but do no damage.
The gnoll is heavily wounded.
The gnoll hits you from afar with a +0 spear.
The gnoll hits you with a +0 spear.
You hit the gnoll but do no damage.
The gnoll is heavily wounded.
You closely miss the gnoll.
The gnoll is heavily wounded.
The gnoll hits you with a +0 spear.
* * * LOW HITPOINT WARNING * * *
The gnoll hits you from afar with a +0 spear!
* * * LOW HITPOINT WARNING * * *
The gnoll hits you with a +0 spear.
You die...

#.g.g# #.##.#
###############.##.# .#
..........g.g...##.# #.#
#..##..##########g# #.#
#.###..#......##.# #.#
.............g.##.###.##
###.#####..g###........#
# # ...$...@.g.........#
.#
##.....(.##........###.#
.........##.............
#........##.............
#.#.###########+#.......
.... ............. #.#
####.#....... #.
#...#.......
######.#.........


You could see 2 gnolls.

Vanquished Creatures
  2 dart slugs
  2 endoplasms (D:1)
  8 giant cockroaches (D:1)
  2 goblins (D:2)
  5 hobgoblins
  7 jackals (D:1)
  3 ball pythons (D:1)
  2 bats (D:1)
  3 frilled lizards
  5 kobolds
  3 rats
42 creatures vanquished.

Notes
Turn   | Place    | Note
-------+----------+-------------------------------------------
     0 | D:1      | Kuronicle the Human Berserker began the quest for the Orb.
     0 | D:1      | Reached XP level 1. HP: 18/18 MP: 1/1
    58 | D:1      | Reached skill level 1 in Stealth
    60 | D:1      | Reached XP level 2. HP: 10/24 MP: 2/2
   249 | D:1      | Reached XP level 3. HP: 21/29 MP: 3/3
   444 | D:1      | Reached ** piety under Trog
   522 | D:1      | Found Yhyeji Worav's Armour Boutique.
   631 | D:1      | Found a faded altar of an unknown god.
   865 | D:2      | Reached XP level 4. HP: 35/35 MP: 4/4
  1067 | D:2      | Slain by a gnoll

Illustrated notes

Levels and vault maps discovered:
D:1:      tarquinn_simple_flora_water_f, layout_basic,
          hellmonk_ecumenical_altar_blasted, serial_shops, shop,
          minmay_worlds_worst_comb
D:2:      layout_basic, serial_curves, eino_curves_02, eino_curves_04,
          basic_altar, serial_park_tiny_pond

Skill      XL: |  1  2  3 |
---------------+----------+-----
Stealth        | 1 2 |  2.1
Fighting       | |  3.2
Armour         | |  2.1
Dodging        | |  2.7
Unarmed Combat | |  3.2

Action                     |  1- 3 |  4- 6 || total
---------------------------+-------+-------++-------
  Melee: Unarmed           |   126 |    24 ||   150
    Use: Potion            |       |     3 ||     3
         Scroll            |       |     1 ||     1
   Stab: Sleeping          |     4 |       ||     4
 Armour: Animal skin       |    24 |     3 ||    27
  Dodge: Dodged            |    81 |    27 ||   108

Table legend: (Time is in decaauts)
 A = Elapsed time spent in this place.
 B = Non-inter-level travel time spent in this place.
 C = Inter-level travel time spent in this place.
 D = Time resting spent in this place.
 E = Time spent auto-exploring this place.
 F = Levels seen in this place.
 G = Mean time per level.
                   A        B        C        D        E       F      G
               +--------+--------+--------+--------+--------+-----+--------+
         Total |   1057 |   1053 |      4 |      0 |    521 |   2 |  528.5 |
       Dungeon |   1057 |   1053 |      4 |      0 |    521 |   2 |  528.5 |
               +--------+--------+--------+--------+--------+-----+--------+

Top non-repeatable levels by time:
     D:1: 786 daAuts
     D:2: 270 daAuts
